 Dungeon Crawl Stone Soup version 0.26-a0-935-g3624241d3c (webtiles) character file.

Game seed: 3673329977255947973

68 gameboy1294 the Caller (level 4, -1/24 HPs)
             Began as a Deep Elf Summoner on Nov 27, 2020.
             Slain by a gnoll (6 damage)
             ... on level 3 of the Dungeon.
             The game lasted 00:18:57 (2642 turns).

gameboy1294 the Caller (Deep Elf Summoner)          Turns: 2642, Time: 00:18:58

Health: -1/24      AC:  2    Str:  3 (5)  XL:     4   Next: 1%
Magic:  1/11       EV: 13    Int: 18 (21) God:
Gold:   149        SH:  0    Dex: 13 (15) Spells: 7/10 levels left

rFire    + . .     SeeInvis .   p - +2 dagger (vamp)
rCold    x . .     Faith    .   (no shield)
rNeg     . . .     Spirit   .   a - +0 robe
rPois    .         Reflect  .   (no helmet)
rElec    .         Harm     .   (no cloak)
rCorr    .         Rampage  .   (no gloves)
MR       +....                  (no boots)
Stlth    ++........             (no amulet)
HPRegen  0.08/turn              f - ring of protection from magic
MPRegen  0.12/turn              r - ring of fire

@: no status effects
A: no striking features
a: no special abilities


You were on level 3 of the Dungeon.
You visited 1 branch of the dungeon, and saw 3 of its levels.

You collected 149 gold pieces.

Inventory:

Hand Weapons
 b - a +0 spear
 p - a +2 vampiric dagger (weapon)
 u - a +0 hunting sling
Missiles
 i - 80 stones (quivered)
 m - 67 arrows
Armour
 a - a +0 robe (worn)
 t - a scarf of harm
Jewellery
 c - an uncursed ring of flight {unknown}
 f - a ring of protection from magic (left hand)
 r - a ring of fire (right hand)
Scrolls
 h - 2 scrolls of teleportation
 s - a scroll of enchant weapon {unknown}
Potions
 d - a potion of mutation {unknown}
 j - 3 potions of might {unknown}
 k - a potion of flight {unknown}
 l - a potion of ambrosia {unknown}
 n - a potion of lignification {unknown}
 o - 2 potions of heal wounds {unknown}
 q - a potion of invisibility {unknown}


   Skills:
 + Level 0.3 Fighting
 + Level 0.6 Short Blades
 - Level 0.7 Polearms
 + Level 3.2 Dodging
 - Level 3.0 Stealth
 + Level 3.7 Spellcasting
 + Level 4.8 Summonings


You had 7 spell levels left.
You knew the following spells:

 Your Spells              Type           Power        Failure   Level
a - Summon Small Mammal   Summ           ###.         1%          1
b - Call Imp              Summ           ###.....     3%          2

Your spell library contained the following spells:

 Spells                   Type           Power        Failure   Level
 Call Canine Familiar     Summ           ###.....     6%          3
 Corona                   Hex            #......      16%         1
 Summon Guardian Golem    Hex/Summ       ##......     17%         3
 Ensorcelled Hibernation  Hex/Ice        #.....       22%         2
 Confusing Touch          Hex            #.......     41%         3
 Dazzling Flash           Conj/Hex       #.....       41%         3
 Tukima's Dance           Hex            #.......     41%         3
 Summon Ice Beast         Ice/Summ       ##......     50%         4
 Summon Lightning Spire   Summ/Air       ##......     50%         4


Dungeon Overview and Level Annotations

Branches:
Dungeon (3/15)

Altars:


Message History

Your crimson imp blinks!
Your white imp gestures at the gnoll.
The puff of frost hits the gnoll!
The gnoll dies!
You have reached level 4!
You feel clever.
Your white imp dies!
The gnoll hits your shadow imp with a cursed +0 whip!
Your shadow imp hits the gnoll.
The gnoll hits your shadow imp with a cursed +0 whip.
Your shadow imp dies!
Casting: Call Imp (safe; 3% risk of failure)
Confirm with . or Enter, or press ? or * to list all spells.
You don't have enough magic to cast that spell.
You feel a little less clever now.
Casting: Call Imp (safe; 3% risk of failure)
Confirm with . or Enter, or press ? or * to list all spells.
A beastly little devil appears in a puff of flame.
The gnoll hits you.
You die...

#...........)####
#########.#.....#
#.#.###.# #######
#g#.###§# #.....#
#.....#.# #.....#
###.#.#g# #.....#
###.#.#.#
#.....####.g.....#
#........@g).#####
###.#.#####5.#
#...#gg.#..#
####...'.8.'.##
#.....)#..g#.#
#...#..#####.#
###.#..g...†...# #
#...........#### .
...#.##.##.###


You could see 2 gnolls and a friendly crimson imp (summoned).

Vanquished Creatures
  A giant cockroach (D:3)
  A bat (D:1)
  A frilled lizard (D:3)
  A kobold (D:3)
  A rat (D:2)
5 creatures vanquished.

Vanquished Creatures (collateral kills)
  A howler monkey (D:3)
  A gnoll (D:3)
  3 adders
  A worm (D:2)
  4 dart slugs
  3 leopard geckos
  3 giant cockroaches (D:2)
  3 goblins (D:2)
  4 hobgoblins
  3 bats (D:2)
  A frilled lizard (D:2)
  3 kobolds
  2 rats
32 creatures vanquished.

Grand Total: 37 creatures vanquished

Notes
Turn   | Place    | Note
-------+----------+-------------------------------------------
     0 | D:1      | gameboy1294 the Deep Elf Summoner began the quest for the
                  | Orb.
     0 | D:1      | Reached XP level 1. HP: 10/10 MP: 6/6
  1371 | D:2      | Reached XP level 2. HP: 15/15 MP: 5/8
  1374 | D:2      | Learned a level 2 spell: Call Imp
  1727 | D:2      | Reached XP level 3. HP: 16/19 MP: 4/9
  2621 | D:3      | Reached XP level 4. HP: 3/24 MP: 0/11
  2642 | D:3      | Slain by a gnoll

Illustrated notes

Levels and vault maps discovered:
D:1:      dpeg_arrival_three_bigger_balls, layout_loops_corners
D:2:      layout_loops_ring
D:3:      layout_loops_cross, minmay_misc_feat_room

Skill      XL: |  1  2  3 |
---------------+----------+-----
Dodging        | 3 |  3.2
Stealth        | 3 |  3.0
Fighting       | |  0.3
Short Blades   | |  0.6
Polearms       | |  0.7
Spellcasting   | |  3.7
Summonings     | |  4.8

Action                   |  1- 3 |  4- 6 || total
-------------------------+-------+-------++-------
Melee: Spear             |     7 |       ||     7
       Dagger            |     7 |       ||     7
Throw: Stone             |     1 |       ||     1
 Cast: Summon Small Mamm |    19 |       ||    19
       Call Imp          |    40 |     1 ||    41
  Use: Scroll            |     3 |       ||     3
       Potion            |     2 |       ||     2
 Stab: Sleeping          |     2 |       ||     2
Armor: Robe              |     6 |       ||     6
Dodge: Dodged            |    13 |       ||    13

Table legend: (Time is in decaauts)
 A = Elapsed time spent in this place.
 B = Non-inter-level travel time spent in this place.
 C = Inter-level travel time spent in this place.
 D = Time resting spent in this place.
 E = Time spent auto-exploring this place.
 F = Levels seen in this place.
 G = Mean time per level.
                   A        B        C        D        E       F      G
               +--------+--------+--------+--------+--------+-----+--------+
         Total |   2640 |   2640 |      0 |    355 |   1280 |   3 |  880.0 |
       Dungeon |   2640 |   2640 |      0 |    355 |   1280 |   3 |  880.0 |
               +--------+--------+--------+--------+--------+-----+--------+

Top non-repeatable levels by time:
     D:1: 1206 daAuts
     D:2: 876 daAuts
     D:3: 557 daAuts
